 Dungeon Crawl Stone Soup version 0.20.1-1-g8b1a95d (webtiles) character file.

9550 Jazqa the Fighter (level 11, -1/104 HPs)
             Began as a Hill Orc Fighter on Oct 31, 2017.
             Was an Elder of Makhleb.
             Slain by panicbit's ghost (4 damage)
             ... on level 2 of the Lair of Beasts.
             The game lasted 00:19:54 (10103 turns).

Jazqa the Fighter (Hill Orc Fighter)               Turns: 10103, Time: 00:19:55

Health: -1/104     AC: 13    Str: 29    XL:     11   Next: 48%
Magic:  19/19      EV:  2    Int:  8    God:    Makhleb [****..]
Gold:   778        SH:  0    Dex: 10    Spells: 10/10 levels left

rFire    + . .     SeeInvis .   y - +4 whip
rCold    + . .     Gourm    .   c - +0 shield
rNeg     + + +     Faith    .   j - +4 ring mail of Fatriyff {rN+}
rPois    ∞         Spirit   .   B - -2 hat of the Alchemist {rElec rPois rF+ rC+ rN+ MR+ rMut rCorr}
rElec    +         Reflect  .   s - +1 cloak
rCorr    +         Harm     .   L - +1 pair of gloves
rMut     +                      (no boots)
MR       +....                  g - amulet of regeneration
Stlth    ..........             S - +6 ring of strength
Regen    0.7/turn               Y - +5 ring of slaying
MPRegen  0.2/turn

@: petrified
A: no striking features
a: Minor Destruction, Lesser Servant of Makhleb, Major Destruction, Renounce
Religion


You were on level 2 of the Lair of Beasts.
You worshipped Makhleb.
Makhleb was greatly pleased with you.
You were hungry.

You visited 2 branches of the dungeon, and saw 11 of its levels.

You collected 778 gold pieces.


   Skills:
 + Level 11.7 Fighting
 + Level 10.6 Maces & Flails
 + Level 6.6 Armour
 + Level 6.7 Shields
 + Level 11.2 Invocations


You had 10 spell levels left.
You didn't know any spells.

Inventory:

Hand Weapons
 y - a +4 whip (weapon)
Missiles
 H - a throwing net {=f}
Armour
 c - a +0 shield (worn)
 i - a +0 pair of boots
 j - the +4 ring mail of Fatriyff (worn) {rN+}
   (You found it on level 4 of the Dungeon)

   It protects you from negative energy.
 s - a +1 cloak (worn)
 B - the -2 hat of the Alchemist (worn) {rElec rPois rF+ rC+ rN+ MR+ rMut rCorr}
   (You found it on level 7 of the Dungeon)

   It protects you from fire.
   It protects you from cold.
   It insulates you from electricity.
   It protects you from poison.
   It protects you from negative energy.
   It affects your resistance to hostile enchantments.
   It protects you from acid and corrosion.
   It protects you from mutation.
 J - a +2 pair of boots
 L - a +1 pair of gloves (worn)
Jewellery
 g - an amulet of regeneration (around neck)
 v - an uncursed ring of see invisible
 S - a +6 ring of strength (left hand)
 Y - a +5 ring of slaying (right hand)
Wands
 E - a wand of polymorph (7/24)
Scrolls
 b - 5 scrolls of teleportation {@r4}
 e - 3 scrolls of remove curse {@r2}
 k - a scroll of magic mapping {unknown}
 o - a scroll of enchant armour
 x - 2 scrolls of amnesia
 z - 2 scrolls of identify {@r1}
 A - a scroll of summoning {unknown}
 I - a scroll of recharging
 K - a scroll of immolation {unknown}
Potions
 a - a potion of brilliance {unknown}
 l - a potion of degeneration {unknown}
 n - 2 potions of mutation {unknown}
 p - 2 potions of resistance
 q - 2 potions of flight
 r - a potion of cancellation
 w - 2 potions of agility
 C - a potion of curing {@q1}
 D - a potion of haste {unknown}
 F - a potion of berserk rage {unknown}
 G - a potion of heal wounds {@q2}
Books
 u - a book of Callings

   Spells                             Type                      Level
   a - Summon Small Mammal            Summoning                    1
   b - Call Imp                       Summoning                    2
   c - Call Canine Familiar           Summoning                    3
   d - Summon Guardian Golem          Hexes/Summoning              3
   e - Summon Lightning Spire         Summoning/Air                4
   f - Summon Ice Beast               Ice/Summoning                4
Comestibles
 d - 12 chunks of flesh
 f - 12 bread rations {@e1}
 h - 5 royal jellies {@e3}
 m - 11 fruits {@e2}
 t - 5 meat rations {@e1}

Dungeon Overview and Level Annotations

Branches:
Dungeon (9/15)             Temple (0/1) D:6            Lair (2/6) D:9
  Swamp: Lair:2-4    Shoals: Lair:2-4     Snake: Lair:2-4    Spider: Lair:2-4
    Orc: D:9-12

Altars:
Ashenzari
Cheibriados
Dithmenos
Elyvilon
Hepliaklqana
Makhleb
Nemelex Xobeh
Sif Muna
The Shining One

Shops:
D:5 [

Annotations:
Lair:2 panicbit's ghost, journeyman MiFi; plantmann's ghost, journeyman GrEE

#.#.#♣#.# ##....##.
##....#.# ###.......
#......# #.........
#......########.....F..
#<.....##...##.........
##...##..#............#.
#P...P#.#.....P.........
##.....FlD###.D.P.......
#.....@W###P...#.......
#........##............
#.........##....###.....
##PP##..###...P## ...P.
### #P.# #.(..# #....
##.. ... #.# #..


You could see a four-headed hydra, a basilisk, a blink frog and panicbit's
ghost.


Message History

The bolt of lightning hits the basilisk.
The basilisk is almost dead.
Panicbit's ghost hits you.
* * * LOW HITPOINT WARNING * * *
The blink frog blinks!
The basilisk gazes at you.
Your limbs have turned to stone.
Panicbit's ghost hits you!
* * * LOW HITPOINT WARNING * * *
You have turned to stone.
Panicbit's ghost hits you but does no damage.
The blink frog blinks!
The basilisk bites you but does no damage.
Panicbit's ghost shrieks, "Very impressive.
But it won't help.
Nothing will."
Panicbit's ghost hits you but does no damage.
The basilisk bites you!
* * * LOW HITPOINT WARNING * * *
Panicbit's ghost hits you!
* * * LOW HITPOINT WARNING * * *
The four-headed hydra seems less drained.
The basilisk gazes at you. You resist with almost no effort.
Panicbit's ghost completely misses you. The basilisk bites you.
* * * LOW HITPOINT WARNING * * *
Panicbit's ghost hits you but does no damage.
The basilisk bites you but does no damage.
Panicbit's ghost hits you!
* * * LOW HITPOINT WARNING * * *
The basilisk gazes at you. Panicbit's ghost hits you!
You die...

Skill      XL: |  1  2  3  4  5  6  7  8  9 10 11 |
---------------+----------------------------------+-----
Fighting       | 4 5 6 7 8 10 11 | 11.7
Maces & Flails | 3 4 5 6 7 9 10 | 10.6
Invocations    | 3 5 7 9 10 11 | 11.2
Shields        | 5 6 |  6.7
Armour         | 5 6 |  6.6

Action                   |  1- 3 |  4- 6 |  7- 9 | 10-12 || total
-------------------------+-------+-------+-------+-------++-------
Melee: Flail             |   116 |   270 |    69 |       ||   455
       Whip              |       |       |   320 |   315 ||   635
Invok: Minor Destruction |       |       |    84 |    79 ||   163
       Major Destruction |       |       |       |    12 ||    12
       Lesser Servant of |       |       |       |     2 ||     2
  Use: Scroll            |       |     7 |     8 |     1 ||    16
       Potion            |       |     1 |       |     5 ||     6
  Eat: Chunk             |       |     9 |    13 |     8 ||    30
Armor: Scale mail        |    54 |   113 |       |       ||   167
       Ring mail         |       |    15 |   122 |   118 ||   255
Dodge: Dodged            |    51 |    79 |    67 |    88 ||   285
Block: Shield            |    73 |   171 |   126 |   194 ||   564

Vault maps used:
D:1:      lightli_arrival_windingriver, corexii_item_surrounded_by_moat,
          minmay_heptomino_o4
D:2:      overflow_temple_1_default, first_bread, kennysheep_big_empty_room,
          minmay_door_square, corexii_item_surrounded_by_moat,
          minmay_goblin_kobold_house, uniq_natasha
D:3:      lemuel_crystal_altar, amethyst_overflow_temple_binary,
          kennysheep_crisscross
D:5:      serial_shops, shop, hangedman_abyss_or_decor_stagger,
          minmay_misc_feat_alley, st_stairs_12, cheibrodos_ashenzari_chains,
          uniq_blork_the_orc
D:6:      minmay_temple_entry_overgrown, chei_slow_surprise
D:7:      serial_co_window_serial, co_window_paths_a, co_window_paths_a,
          co_window_paths_b, co_window_of_opportunity_a, co_window_paths_a,
          co_window_of_opportunity_a, co_window_of_opportunity_a,
          co_window_of_opportunity_c, co_window_of_opportunity_b,
          co_window_corner_b, co_window_2corner, co_window_cross_2,
          co_window_2corner, co_window_corner_b, glass_columns_c,
          glass_columns_a, glass_columns_a, glass_columns_b
D:8:      tso_altar, basic_altar, uniq_maurice
D:9:      david_lair_generic, basic_altar, grunt_ogre_cave, feat_on_display
Lair:2:   minmay_swamp_entry_worms, minmay_lair_oklob_items,
          nicolae_lair_grove_arrangements, infiniplex_staircase_pool,
          serial_bayou_shore_b, lemuel_fruit_fields

Notes
Turn   | Place    | Note
-------+----------+-------------------------------------------
     0 | D:1      | Jazqa the Hill Orc Fighter began the quest for the Orb.
     0 | D:1      | Reached XP level 1. HP: 19/19 MP: 1/1
   150 | D:1      | Reached skill level 4 in Fighting
   150 | D:1      | Reached XP level 2. HP: 26/27 MP: 2/2
   397 | D:1      | Reached skill level 3 in Maces & Flails
   407 | D:1      | Reached XP level 3. HP: 29/34 MP: 3/3
   566 | D:2      | Noticed Natasha
   575 | D:2      | Killed Natasha
   764 | D:2      | Reached XP level 4. HP: 19/41 MP: 4/4
  1048 | D:2      | Reached skill level 5 in Fighting
  1055 | D:2      | Found a burning altar of Makhleb.
  1087 | D:2      | Became a worshipper of Makhleb the Destroyer
  1172 | D:2      | Reached skill level 4 in Maces & Flails
  1384 | D:2      | Noticed Natasha
  1394 | D:2      | Killed Natasha
  1394 | D:2      | Reached XP level 5. HP: 25/48 MP: 5/5
  1751 | D:2      | Reached * piety under Makhleb
  1844 | D:2      | Noticed Natasha
  1849 | D:2      | Killed Natasha
  2049 | D:3      | Found a shadowy altar of Dithmenos.
  2234 | D:3      | Reached skill level 5 in Maces & Flails
  2288 | D:3      | Found a deep blue altar of Sif Muna.
  2297 | D:3      | Found a hazy altar of Hepliaklqana.
  2472 | D:3      | Reached XP level 6. HP: 42/57 MP: 6/6
  2652 | D:3      | Reached skill level 1 in Invocations
  3091 | D:3      | Reached skill level 6 in Fighting
  3091 | D:3      | Reached skill level 2 in Invocations
  3407 | D:4      | Got a crude ring mail
  3418 | D:4      | Identified the +4 ring mail of Fatriyff {rN+} (You found it on level 4 of the Dungeon)
  3547 | D:4      | Reached ** piety under Makhleb
  3609 | D:4      | Reached skill level 3 in Invocations
  3609 | D:4      | Reached XP level 7. HP: 64/64 MP: 9/9
  4176 | D:5      | Entered Level 5 of the Dungeon
  4203 | D:5      | Reached skill level 7 in Fighting
  4203 | D:5      | Reached skill level 6 in Maces & Flails
  4203 | D:5      | Reached skill level 4 in Invocations
  4272 | D:5      | Found Dojys's Armour Boutique.
  4674 | D:5      | Reached skill level 5 in Invocations
  4674 | D:5      | Reached XP level 8. HP: 73/73 MP: 11/11
  4734 | D:5      | Found a shattered altar of Ashenzari.
  5173 | D:5      | Noticed Blork the orc
  5178 | D:5      | Killed Blork the orc
  5178 | D:5      | Reached skill level 7 in Maces & Flails
  5372 | D:6      | Reached skill level 8 in Fighting
  5386 | D:6      | Reached skill level 6 in Invocations
  5397 | D:6      | Found a staircase to the Ecumenical Temple.
  5526 | D:6      | Noticed Doodlejackbod's ghost (amateur DsGl)
  5557 | D:6      | Killed Doodlejackbod's ghost
  5557 | D:6      | Reached *** piety under Makhleb
  5928 | D:6      | Found a snail-covered altar of Cheibriados.
  6051 | D:7      | Reached skill level 7 in Invocations
  6051 | D:7      | Reached XP level 9. HP: 82/82 MP: 14/14
  6103 | D:7      | Reached skill level 9 in Fighting
  6109 | D:7      | Reached skill level 8 in Maces & Flails
  6346 | D:7      | Reached skill level 8 in Invocations
  6406 | D:7      | Identified 2 potions of resistance
  7096 | D:8      | Reached **** piety under Makhleb
  7096 | D:8      | Reached skill level 9 in Maces & Flails
  7122 | D:8      | Noticed Maurice
  7223 | D:8      | Reached skill level 10 in Fighting
  7422 | D:8      | Found a glowing golden altar of the Shining One.
  7462 | D:8      | Found a sparkling altar of Nemelex Xobeh.
  7517 | D:8      | Killed Maurice
  7517 | D:8      | Reached skill level 9 in Invocations
  7517 | D:8      | Reached XP level 10. HP: 93/93 MP: 16/16
  7560 | D:8      | Reached skill level 4 in Shields
  7664 | D:9      | Found a white marble altar of Elyvilon.
  7717 | D:9      | Reached skill level 4 in Armour
  7823 | D:9      | Found a staircase to the Lair.
  7837 | D:9      | Got a faintly glowing bronze ring
  7843 | D:9      | Identified the cursed ring of Moral Flaws {Str+5 Dex-2} (You found it on level 9 of the Dungeon)
  8470 | D:9      | Reached skill level 10 in Invocations
  8487 | D:9      | Reached skill level 5 in Armour
  8568 | Lair:1   | Entered Level 1 of the Lair of Beasts
  8577 | Lair:1   | Noticed a six-headed hydra
  8587 | Lair:1   | HP: 7/94 [six-headed hydra (10)]
  8594 | Lair:1   | HP: 1/94 [water moccasin (7)]
  8599 | Lair:1   | HP: 1/94 [water moccasin (3)]
  8608 | D:9      | HP: 6/94 [water moccasin (1)]
  8823 | Lair:1   | Killed a six-headed hydra
  8823 | Lair:1   | Reached skill level 5 in Shields
  8837 | Lair:1   | Reached skill level 10 in Maces & Flails
  8858 | Lair:1   | Reached skill level 11 in Fighting
  8969 | Lair:1   | Reached XP level 11. HP: 32/102 MP: 18/18
  9218 | Lair:1   | Reached skill level 6 in Armour
  9240 | Lair:1   | Reached skill level 6 in Shields
  9752 | Lair:2   | Noticed plantmann's ghost (journeyman GrEE)
  9752 | Lair:2   | Noticed panicbit's ghost (journeyman MiFi)
  9773 | Lair:1   | Reached skill level 11 in Invocations
 10003 | Lair:1   | Reached ***** piety under Makhleb
 10065 | Lair:2   | Noticed a four-headed hydra
 10101 | Lair:2   | HP: 10/104 [basilisk (3)]
 10102 | Lair:2   | HP: 2/104 [panicbit's ghost (8)]
 10103 | Lair:2   | Slain by panicbit's ghost

Vanquished Creatures
  A hydra (Lair:1)
  Maurice (D:8)
  2 komodo dragons (Lair:1)
  3 blink frogs (Lair:1)
  4 hippogriffs
  8 yaks
  A basilisk (Lair:1)
  The ghost of Doodlejackbod the Slasher, an amateur DsGl (D:6)
  2 water moccasins
  A phantom (D:9)
  A necrophage (D:8)
  An ice beast (D:7)
  5 sky beasts
  A black bear (Lair:1)
  3 ogres
  10 wolves
  2 centaurs (D:7)
  5 crocodiles
  Blork the orc (D:5)
  A big kobold (D:9)
  3 bullfrogs (Lair:1)
  3 scorpions
  6 killer bees (D:9)
  9 wights
  2 crimson imps (D:8)
  A quasit (D:9)
  A centaur zombie (D:7)
  A bullfrog zombie (D:5)
  5 hounds
  A jelly (D:9)
  6 orc priests
  11 orc wizards
  A gnoll shaman (D:4)
  2 centaur skeletons
  4 iguanas
  Natasha (thrice) (D:2)
  3 worker ants
  A killer bee zombie (D:8)
  A hound skeleton (D:9)
  3 worker ant zombies
  13 adders
  8 gnolls
  A howler monkey skeleton (D:5)
  2 oozes
  An adder skeleton (D:4)
  4 worms
  5 dart slugs
  8 leopard geckos
  37 orcs
  A ball python (D:1)
  4 giant cockroaches
  3 goblins
  10 hobgoblins
  13 jackals
  6 quokkas
  11 bats
  5 frilled lizards
  A jackal skeleton (D:5)
  18 kobolds
  A leopard gecko skeleton (D:7)
  7 rats
280 creatures vanquished.
